 Dungeon Crawl Stone Soup version 0.17.1-1-g73c8601 (webtiles) character file.

830 Andry07 the Blocker (level 7, -9/35 HPs)
             Began as a Vine Stalker Fighter on Dec 27, 2015.
             Mangled by a two-headed ogre
             ... wielding a cursed -1 giant club
              (21 damage)
             ... on level 5 of the Dungeon.
             The game lasted 00:11:23 (3545 turns).

Andry07 the Blocker (Vine Stalker Fighter)          Turns: 3545, Time: 00:11:23

Health: -9/35      AC:  9    Str: 21    XL:     7   Next: 97%
Magic:  0/8        EV:  8    Int:  8    God:
Gold:   239        SH: 11    Dex: 13    Spells: 0 memorised, 6 levels left

rFire  . . .     SeeInvis .     F - -2 dagger (curse)
rCold  . . .     Clarity  .     b - +0 scale mail
rNeg   + . .     SustAt   .     c - +0 shield
rPois  .         Gourm    .     n - +1 helmet
rElec  .         Spirit   +     A - +0 cloak
rCorr  .         Warding  .     (no gloves)
rMut   .         Stasis   .     (no boots)
MR     .....                    p - amulet of rage
Stlth  ..........               (no ring)
                                g - ring of positive energy

@: not resistant to hostile enchantments, extremely unstealthy
A: fangs 2, regeneration 2, magic shield, antimagic bite, no device heal 3, rot
immunity
a: Evoke Berserk Rage


You were on level 5 of the Dungeon.
You were not hungry.

You visited 1 branch of the dungeon, and saw 6 of its levels.

You collected 239 gold pieces.

Inventory:

Hand Weapons
 a - a +0 long sword
 z - a +2 dagger of flaming
 F - a cursed -2 dagger (weapon)
Armour
 b - a +0 scale mail (worn)
 c - a +0 shield (worn)
 n - a +1 helmet (worn)
 A - a +0 cloak (worn)
Jewellery
 g - a ring of positive energy (left hand)
 p - an amulet of rage (around neck)
Scrolls
 h - a scroll of immolation
 i - 3 scrolls of enchant armour
 r - a scroll of fear
 s - 2 scrolls of blinking
 t - a scroll of enchant weapon
 v - a scroll of noise
 D - a scroll of recharging
Potions
 d - a potion of might
 j - 5 potions of curing
 l - a potion of cure mutation
 m - 2 potions of agility {unknown}
 u - 2 potions of lignification {unknown}
 x - a potion of ambrosia {unknown}
 C - a potion of resistance {unknown}
 E - a potion of poison {unknown}
Books
 y - Jessica's Compendium of Good Luck
   (You found it on level 3 of the Dungeon)

   Spells                             Type                      Level
   a - Repel Missiles                 Charms/Air                   2
Comestibles
 e - 3 bread rations
 f - a beef jerky
 k - a meat ration
 q - a slice of pizza
 w - 4 royal jellies
 B - 5 fruits


   Skills:
 - Level 2.6 Fighting
 - Level 1.7 Long Blades
 - Level 2.4 Armour
 * Level 8.4 Shields


You had 6 spell levels left.
You didn't know any spells.

Dungeon Overview and Level Annotations

Branches:
Dungeon (6/15)
 Temple: D:4-7

Altars:
Cheibriados

Shops:
D:5 (


Innate Abilities, Weirdness & Mutations

You have extremely sharp teeth.
You heal very quickly.
When hurt, damage is shared between your health and your magic reserves.
Your bite disrupts and absorbs the magic of your enemies.
Potions and wands cannot restore your health.
You are immune to rotting.


Message History

You barely miss the ogre.
The ogre is almost dead.
The ogre hits you with a giant club!!
Ouch! That really hurt!
* * * LOW HITPOINT WARNING * * *
You are too injured to fight recklessly!
You are too injured to fight recklessly!
There is a stone staircase leading up here.
You hit the ogre. You bite the ogre. You drain its power.
You feel invigorated.
You kill the ogre!
The centaur wields a shortbow.
The centaur shoots an arrow.
The arrow misses you.
The centaur shoots an arrow.
The arrow hits you.
* * * LOW HITPOINT WARNING * * *
You climb upwards.
You block the two-headed ogre's attack. The two-headed ogre barely misses you.
There is a stone staircase leading down here.
The two-headed ogre hits you with a giant club!!
Ouch! That really hurt!
You die...

......#.###############
......#...............#
......#...............#
......#...............#
####..#...............#
##.#...............#
#....._...........#
###........)O......#
#...>........@.....#
####...............#
#...(.............#
###.........>.....#
#...............#
#######...............#
))()..(.###############
##[###### ...#


You could see a two-headed ogre.

Vanquished Creatures
  Sigmund (D:4)
  Duvessa (D:3)
  2 ogres
  Dowan (D:2)
  A quasit (D:5)
  A crimson imp (D:5)
  Jessica (D:3)
  2 orc wizards (D:5)
  A worker ant (D:5)
  A worker ant zombie (D:5)
  5 adders
  An ooze (D:4)
  2 adder skeletons (D:4)
  An adder zombie (D:5)
  2 worms (D:2)
  A giant gecko (D:3)
  8 orcs
  3 bats
  6 hobgoblins
  8 jackals
  7 quokkas
  2 ball pythons
  A giant cockroach (D:1)
  7 giant newts
  8 goblins
  8 kobolds
  26 rats
108 creatures vanquished.

Notes
Turn   | Place    | Note
--------------------------------------------------------------
     0 | D:1      | Andry07 the Vine Stalker Fighter began the quest for the Orb.
     0 | D:1      | Reached XP level 1. HP: 11/11 MP: 2/2
    77 | D:1      | Reached skill level 3 in Shields
   150 | D:1      | Reached XP level 2. HP: 11/16 MP: 3/3
   731 | D:2      | Reached XP level 3. HP: 19/19 MP: 4/4
   782 | D:2      | Reached skill level 4 in Shields
  1312 | D:3      | Reached XP level 4. HP: 10/23 MP: 5/5
  1827 | D:3      | Noticed Jessica
  1838 | D:3      | Killed Jessica
  1838 | D:3      | Reached skill level 5 in Shields
  1838 | D:3      | Reached XP level 5. HP: 23/27 MP: 4/6
  1842 | D:3      | Identified Jessica's Compendium of Good Luck
  2029 | D:4      | Noticed Dowan
  2033 | D:4      | Noticed Duvessa
  2110 | D:3      | Killed Duvessa
  2110 | D:3      | Gained mutation: You heal very quickly. [Vine Stalker growth]
  2110 | D:3      | Reached XP level 6. HP: 25/32 MP: 7/7
  2293 | D:4      | Reached skill level 6 in Shields
  2355 | D:4      | Noticed Sigmund
  2627 | D:2      | Killed Dowan
  2662 | D:4      | Killed Sigmund
  2662 | D:4      | Reached skill level 7 in Shields
  2662 | D:4      | Reached XP level 7. HP: 26/35 MP: 5/8
  3069 | D:5      | Entered Level 5 of the Dungeon
  3114 | D:5      | Found Siefeucu's Weapon Shoppe.
  3153 | D:5      | Found a snail-covered altar of Cheibriados.
  3246 | D:5      | Reached skill level 8 in Shields
  3479 | D:5      | Noticed a two-headed ogre
  3545 | D:5      | Mangled by a two-headed ogre

Action                   |  1- 3 |  4- 6 |  7- 9 || total
-------------------------+-------+-------+-------++-------
Melee: Long sword        |   114 |   100 |       ||   214
       Dagger            |       |    57 |   166 ||   223
 Abil: Evoke Berserk Rag |       |     1 |       ||     1
  Use: Scroll            |       |       |     9 ||     9
  Eat: Chunk             |     1 |     2 |     1 ||     4
       Bread ration      |       |     1 |     1 ||     2
